 Dungeon Crawl Stone Soup version 0.31-a0-917-ga885b83477 (webtiles) character file.

Game seed: 12541226792995095373

31358 GordonOverkill the Zephyrmancer (level 13, -6/78 HPs)
             Began as a Tengu Delver on Oct 17, 2023.
             Was an Initiate of Gozag.
             Shot with an arrow by Nessos (7 damage)
             ... on level 3 of the Lair of Beasts.
             The game lasted 00:42:08 (22466 turns).

GordonOverkill the Zephyrmancer (Tengu Delver)     Turns: 22466, Time: 00:42:09

Health: -6/78      AC: 10    Str:  8    XL:     13   Next: 57%
Magic:  16/26      EV: 17    Int: 26    God:    Gozag
Gold:   3129       SH:  0    Dex: 17    Spells: 16/28 levels left

rFire   . . .        D - +11 halberd of Instant Death {spect, rN+ rCorr Dex+2}
rCold   + + .        (shield currently unavailable)
rNeg    + + .        r - +2 steam dragon scales
rPois   .            G - +2 hat
rElec   .            (no cloak)
rCorr   +            A - +0 pair of gloves
SInv    +            (boots unavailable)
Will    .....        (no amulet)
Stlth   +++          M - ring of Tukide {rC+ rN+ Str-5 Int+7 SInv}
HPRegen 0.33/turn    N - ring of Assitz {rC+ Int+3}
MPRegen 0.20/turn

%: acrobat
@: flying, studying Ranged Weapons
A: beak, talons 3, evasive flight, acrobatic
a: Renounce Religion, Potion Petition, Call Merchant, Bribe Branch


You were on level 3 of the Lair of Beasts.
You worshipped Gozag.
Gozag was most pleased with you.
You visited 2 branches of the dungeon, and saw 16 of its levels.
You also visited: Ossuary.

You collected 3642 gold pieces.
You spent 448 gold pieces at shops.
You paid 65 gold pieces to Gozag.

Inventory:

Hand Weapons
 D - the +11 halberd of Instant Death (weapon) {spect, rN+ rCorr Dex+2}
   (You found it on level 11 of the Dungeon)

   Dex+2:     It affects your dexterity (+2).
   rN+:       It protects you from negative energy.
   rCorr:     It protects you from acid and corrosion.
 I - a +4 spear of freezing
Missiles
 u - 10 boomerangs (quivered)
 F - 5 throwing nets
Armour
 h - a +0 robe of cold resistance
 r - +2 steam dragon scales (worn)
 A - a +0 pair of gloves (worn)
 G - a +2 hat (worn)
Jewellery
 j - a +6 ring of intelligence
 s - a ring of fire
 K - a ring of protection from fire
 M - the ring of Tukide (left hand) {rC+ rN+ Str-5 Int+7 SInv}
   (You bought it in a shop on level 11 of the Dungeon)

   [ring of see invisible]

   Str-5:     It affects your strength (-5).
   Int+7:     It affects your intelligence (+7).
   rC+:       It protects you from cold.
   rN+:       It protects you from negative energy.
   SInv:      It lets you see invisible.
 N - the ring of Assitz (right hand) {rC+ Int+3}
   (You found it on level 11 of the Dungeon)

   [ring of protection from cold]

   Int+3:     It affects your intelligence (+3).
   rC+:       It protects you from cold.
 O - a +5 ring of evasion
Wands
 g - a wand of digging (3)
 i - a wand of quicksilver (2)
 t - a wand of flame (18)
 E - a wand of mindburst (28)
Scrolls
 c - a scroll of fog
 d - 3 scrolls of revelation
 f - 2 scrolls of enchant weapon
 k - 7 scrolls of teleportation
 p - 3 scrolls of blinking
 v - 4 scrolls of vulnerability
 w - 2 scrolls of amnesia
 y - a scroll of immolation
 C - a scroll of brand weapon
 H - a scroll of poison
 J - 4 scrolls of fear
 L - a scroll of summoning
 Q - 3 scrolls of identify
Potions
 a - a potion of haste
 b - a potion of attraction
 e - 2 potions of enlightenment
 l - 3 potions of curing
 m - a potion of berserk rage
 n - 2 potions of mutation
 o - a potion of cancellation
 q - 6 potions of brilliance
 x - 4 potions of might
 z - 3 potions of lignification
Miscellaneous
 P - a lightning rod (4/4)


   Skills:
 - Level 8.0 Fighting
 - Level 2.2 Short Blades
 - Level 9.0 Polearms
 - Level 3.0 Dodging
 - Level 5.0 Stealth
 - Level 8.0 Spellcasting
 + Level 13.9 Conjurations
 - Level 1.0 Translocations
 - Level 10.0 Fire Magic
 - Level 14.0 Air Magic
 - Level 3.0 Evocations


You had 16 spell levels left.
You knew the following spells:

 Your Spells              Type           Power      Damage    Failure   Level
a - Sticky Flame          Conj/Fire      64%        2d8       1%          4
b - Airstrike             Air            35%        2d(5-21)  1%          4
c - Swiftness             Air            70%        N/A       1%          3
d - Apportation           Tloc           30%        N/A       3%          1

Your spell library contained the following spells:

 Spells                   Type           Power      Damage    Failure   Level
 Shock                    Conj/Air       100%       1d9       1%          1
 Static Discharge         Conj/Air       100%       2-7/arc   1%          2
 Summon Lightning Spire   Summ/Air       46%        N/A       3%          4
 Ignite Poison            Fire/Tmut/Pois 27%        N/A       4%          3
 Jinxbite                 Hex            20%        N/A       9%          2
 Frozen Ramparts          Ice            20%        1d4       17%         3
 Bombard                  Conj/Erth      23%        9d4       45%         6
 Leda's Liquefaction      Hex/Erth       5%         N/A       50%         4
 Petrify                  Tmut/Erth      10%        N/A       50%         4
 Alistair's Intoxication  Tmut/Pois      6%         N/A       83%         5
 Lee's Rapid Deconstruct  Erth           5%         3d6*      83%         5
 Metabolic Englaciation   Hex/Ice        5%         N/A       83%         5
 Ignition                 Fire           29%        3d9       99%         8


Dungeon Overview and Level Annotations

Branches:
Dungeon (13/15)            Temple (0/1) D:5            Lair (3/5) D:9
  Swamp (0/4) Lair:2       Spider (0/4) Lair:3          Orc (0/2) D:12
Ossuary (visited)
 Vaults: D:13-14

Altars:
Elyvilon
Gozag
Makhleb
Okawaru
Yredelemnul
The Shining One

Shops:
D:11 =

Annotations:
D:5 3 runed translucent doors, BinkBink's ghost, novice DsFi
Lair:3 Nessos


Innate Abilities, Weirdness & Mutations

You have a beak for a mouth.
You have claws for feet.
Your magical flight helps you evade attacks. (EV +4)
You can magically evade attacks while moving or waiting.


Message History

You reach to attack!
You hit Nessos.
Nessos is almost dead.
Your +11 halberd of Instant Death {spect, rN+ rCorr Dex+2} hits Nessos.
* * * LOW HITPOINT WARNING * * *
You feel very sick.
Nessos burns!
Nessos stops burning.
Nessos mumbles some strange words.
Nessos seems to speed up.
Nessos unwields a +3 longbow of flaming.
It stops flaming.
Nessos hits your +11 halberd of Instant Death {spect, rN+ rCorr Dex+2}.
Your spectral weapon shares its damage with you!
* * * LOW HITPOINT WARNING * * *
Nessos completely misses your +11 halberd of Instant Death {spect, rN+ rCorr Dex+2}.
You feel much better.
You feel very sick.
Nessos gestures wildly while chanting.
Nessos blinks!
Nessos casts a spell.
Nessos blinks!
You feel better.
Nessos wields a +3 longbow of flaming.
It bursts into flame!
Nessos shoots an arrow.
The arrow hits you!!
* * * LOW HITPOINT WARNING * * *
The arrow burns you.
* * * LOW HITPOINT WARNING * * *
Nessos shoots an arrow.
The arrow closely misses you.
You feel much better.
Nessos shoots an arrow.
The arrow closely misses you.
Nessos shoots an arrow.
The arrow completely misses you.
Reach: D) +11 halberd of Instant Death {spect, rN+ rCorr Dex+2}
Press: ? - help, Dir - move target, f/p - Nessos
Aim: Nessos, wielding a +3 longbow of flaming and wearing a +0 barding of cold resistance (grey smoke, almost dead, fast, about 20% to evade the +11 halberd of Instant Death)
You reach to attack!
You closely miss Nessos.
Nessos is almost dead.
Your +11 halberd of Instant Death {spect, rN+ rCorr Dex+2} barely misses Nessos.
Nessos stands on their hind legs for a moment.
Nessos shoots an arrow.
The arrow hits you!!
* * * LOW HITPOINT WARNING * * *
The arrow burns you!
You die...
Your body crumbles into a pile of gold.

****** *,,*,** *,,,..*
**,**#.#* *## * **,***#..#*
##§#**# *** ***,**
*....#####§§##.##**,* ,***,*
*......c§§§§§....,,,* **
*,**#......§§@§§§....,,,*
****,,**..###.§§(§#§##P.*,,*
*,,,***#.*##..§§###.P,,*,,*
***,,,**#.##.§...#,,....,,,**
**,,,,,*#...c....#,,,..#*,,,*
**,,∩,,*#........#*,,,.#*,,,*
*,,,,,*#.##..c..#*,,,##*,,**
**,,,**#**##....###,,**,,,**
##***** ####.........,,,,,,,*


You could see Nessos (fast) and a friendly +11 halberd of Instant Death {spect,
rN+ rCorr Dex+2}.

Vanquished Creatures
  Harold (D:11)
  4 two-headed ogres
  A centaur warrior (D:11)
  4 boulder beetles
  A skyshark (Lair:2)
  A bog body (Lair:2)
  A deep elf pyromancer (D:11)
  An oklob plant (Lair:1)
  3 cyclopes (D:11)
  2 manticores (D:11)
  A black mamba (Lair:2)
  2 gargoyles (D:12)
  Psyche (D:8)
  3 unseen horrors (D:11)
  4 cane toads
  2 rime drakes
  A kobold demonologist (D:7)
  3 komodo dragons
  3 trolls
  A hornet (D:10)
  2 polar bears
  5 blink frogs (Lair:2)
  4 shadows
  A slime creature (D:7)
  2 vampires
  A wraith (D:11)
  23 yaks
  4 wyverns
  A steam dragon (D:6)
  4 basilisks
  4 vampire mosquitoes (D:10)
  Menkaure (D:4)
  2 acid dragons
  11 water moccasins
  A sky beast (D:8)
  3 black bears
  8 orc warriors
  An ice beast (D:5)
  An ogre (D:6)
  3 centaurs
  The ghost of sanka the Conjurer, an amateur DrCj (D:3)
  3 phantoms (D:5)
  22 wolves
  A kobold brigand (D:11)
  9 bullfrogs
  3 scorpions
  2 gnoll sergeants
  4 wights
  A water moccasin zombie (Ossuary)
  A water moccasin skeleton (D:3)
  4 killer bees
  3 electric eels (Lair:2)
  3 howler monkeys
  5 centaur zombies (Ossuary)
  2 bullfrog zombies (Ossuary)
  A jelly (D:8)
  A bullfrog skeleton (D:3)
  6 hounds
  2 gnoll boudas
  2 human zombies (D:6)
  10 orc priests
  2 sleepcaps
  2 human skeletons (D:6)
  3 iguanas
  13 orc wizards
  A scorpion zombie (Ossuary)
  6 hell rats (Lair:2)
  3 ogre zombies (Ossuary)
  8 adders
  16 gnolls
  A white imp (D:6)
  2 ufetubi (D:5)
  5 adder zombies (Ossuary)
  A worm (D:5)
  3 dart slugs
  49 orcs
  2 bats
  7 endoplasms
  2 giant cockroaches
  A gnoll zombie (Ossuary)
  12 goblins
  15 hobgoblins
  5 jackals
  3 kobolds
  2 quokkas
  7 ball pythons
  4 hobgoblin zombies (Ossuary)
  An orc skeleton (D:6)
  An orc zombie (D:6)
  4 rats
389 creatures vanquished.

Vanquished Creatures (others)
  An orc (D:5)
  2 spectral weapons (Lair:2)
3 creatures vanquished.

Grand Total: 392 creatures vanquished

Notes
Turn   | Place    | Note
-------+----------+-------------------------------------------
     0 | D:5      | GordonOverkill the Tengu Delver began the quest for the
                  | Orb.
     0 | D:5      | Reached XP level 1. HP: 14/14 MP: 2/2
     8 | D:5      | Noticed an iguana
   158 | D:6      | Noticed a sleepcap
   187 | D:6      | Noticed a steam dragon
   248 | D:6      | Reached skill level 1 in Polearms
   248 | D:6      | Reached XP level 2. HP: 11/19 MP: 3/3
   304 | D:6      | Reached XP level 3. HP: 22/23 MP: 4/4
   317 | D:6      | Found a sand-covered staircase.
   336 | D:6      | Reached XP level 4. HP: 28/28 MP: 5/5
   369 | Ossuary  | Entered an ossuary
   513 | Ossuary  | Reached XP level 5. HP: 33/33 MP: 6/6
   727 | Ossuary  | Reached skill level 5 in Polearms
   727 | Ossuary  | Reached XP level 6. HP: 28/38 MP: 7/7
  1104 | Ossuary  | Reached skill level 1 in Spellcasting
  1152 | Ossuary  | Gained mutation: Your magical flight helps you evade
                  | attacks. (EV +4) [Tengu growth]
  1152 | Ossuary  | Reached XP level 7. HP: 36/43 MP: 9/11
  1341 | Ossuary  | Noticed a silent spectre
  1406 | D:6      | Killed a steam dragon
  1715 | D:5      | Reached XP level 8. HP: 44/48 MP: 14/16
  1734 | D:5      | Found a glowing golden altar of the Shining One.
  1734 | D:5      | Found a white marble altar of Elyvilon.
  1736 | D:5      | Found an opulent altar of Gozag.
  1736 | D:5      | Found a basalt altar of Yredelemnul.
  1745 | D:5      | Became a worshipper of Gozag Ym Sagoz the Greedy
  1793 | D:5      | Reached skill level 5 in Spellcasting
  1834 | D:5      | Reached skill level 1 in Fire Magic
  2022 | D:3      | Found a transporter.
  2208 | D:2      | Found a faded altar of an unknown god.
  2435 | D:1      | Learned a level 4 spell: Sticky Flame
  3601 | D:3      | Found a transporter.
  3605 | D:3      | Noticed sanka's ghost (amateur DrCj)
  4212 | D:3      | Killed sanka's ghost
  4217 | D:3      | Reached skill level 5 in Conjurations
  4421 | D:4      | Noticed Menkaure
  4433 | D:4      | Killed Menkaure
  5442 | D:4      | Reached skill level 5 in Fire Magic
  5816 | D:5      | Reached XP level 9. HP: 52/52 MP: 17/17
  5852 | D:5      | Found a runed translucent gate.
  5852 | D:5      | Found a runed translucent gate.
  5852 | D:5      | Found a runed translucent gate.
  5863 | D:5      | Noticed BinkBink's ghost (novice DsFi)
  5874 | D:5      | Found a staircase to the Ecumenical Temple.
  7292 | D:7      | Learned a level 4 spell: Airstrike
  7296 | D:7      | Learned a level 3 spell: Swiftness
  7573 | D:7      | Reached skill level 10 in Conjurations
  7573 | D:7      | Noticed a kobold demonologist
  7732 | D:7      | Noticed a rust devil
  7896 | D:7      | Killed a kobold demonologist
  7897 | D:7      | Reached XP level 10. HP: 54/56 MP: 13/18
  8872 | D:7      | Identified the +0 leather armour of Dishonour {Harm Will-
                  | rCorr SInv}
  9496 | D:8      | Reached skill level 5 in Fighting
  9885 | D:8      | Noticed Psyche
  9894 | D:8      | Killed Psyche
 10408 | D:9      | Noticed a two-headed ogre
 10421 | D:9      | Killed a two-headed ogre
 10422 | D:9      | Reached skill level 3 in Air Magic
 10582 | D:9      | Reached skill level 4 in Air Magic
 10584 | D:9      | Reached skill level 5 in Air Magic
 10591 | D:9      | Reached skill level 6 in Air Magic
 10605 | D:9      | Reached skill level 7 in Air Magic
 10770 | D:9      | Reached XP level 11. HP: 64/64 MP: 17/21
 10880 | D:9      | Reached skill level 8 in Air Magic
 11108 | D:9      | Found a staircase to the Lair.
 11487 | D:9      | Reached skill level 9 in Air Magic
 11830 | D:10     | Entered Level 10 of the Dungeon
 12209 | D:10     | Reached skill level 10 in Air Magic
 12476 | D:10     | Noticed a two-headed ogre
 12481 | D:10     | Killed a two-headed ogre
 12660 | D:10     | Reached skill level 11 in Air Magic
 13245 | D:10     | Found an iron altar of Okawaru.
 13305 | D:10     | Noticed a two-headed ogre
 13311 | D:10     | Killed a two-headed ogre
 13312 | D:10     | Reached skill level 12 in Air Magic
 13312 | D:10     | Reached skill level 1 in Evocations
 14000 | D:11     | Found a runed translucent door.
 14032 | D:11     | Noticed a boulder beetle
 14299 | D:11     | Identified the +11 halberd of Instant Death {spect, rN+
                  | rCorr Dex+2}
 14345 | D:11     | Noticed Harold
 14351 | D:11     | Killed Harold
 14658 | D:11     | Found a runed translucent door.
 14980 | D:11     | Found Fyagy's Jewellery Boutique.
 14987 | D:11     | Bought the ring of Tukide {rC+ rN+ Str-5 Int+7 SInv} for
                  | 448 gold pieces
 15179 | D:11     | Noticed a boulder beetle
 15179 | D:11     | Noticed a boulder beetle
 15179 | D:11     | Noticed a cyclops
 15248 | D:11     | Killed a boulder beetle
 15556 | D:11     | Killed a boulder beetle
 15688 | D:11     | Killed a boulder beetle
 15689 | D:11     | Reached XP level 12. HP: 43/71 MP: 8/22
 16151 | D:11     | Noticed a centaur warrior
 16154 | D:11     | Killed a centaur warrior
 16233 | D:11     | Identified the ring of Assitz {rC+ Int+3}
 16287 | D:11     | Learned a level 1 spell: Apportation
 16477 | D:11     | Reached skill level 10 in Fire Magic
 17714 | D:12     | Noticed a two-headed ogre
 17719 | D:12     | Killed a two-headed ogre
 17950 | D:12     | Found a staircase to the Orcish Mines.
 18160 | D:13     | Noticed a centaur warrior
 18290 | Lair:1   | Entered Level 1 of the Lair of Beasts
 18406 | Lair:1   | Found a burning altar of Makhleb.
 18536 | Lair:1   | Noticed a boulder beetle
 18552 | Lair:1   | Killed a boulder beetle
 18553 | Lair:1   | Reached skill level 1 in Translocations
 18705 | Lair:1   | Reached XP level 13. HP: 78/78 MP: 11/24
 18933 | Lair:1   | Reached skill level 13 in Air Magic
 21660 | Lair:2   | Reached skill level 14 in Air Magic
 22097 | Lair:2   | Found a staircase to the Swamp.
 22296 | IceCv    | Identified the "Guawitwad"
 22296 | IceCv    | Identified the "Jix Zel"
 22451 | Lair:3   | Noticed Nessos
 22466 | Lair:3   | HP: 1/78 [Nessos/arrow (22)]
 22466 | Lair:3   | Shot with an arrow by Nessos

Illustrated notes

Levels and vault maps discovered:
D:1:      dpeg_arrival_morbid_curiosity, layout_basic
D:2:      layout_loops_ring, chequers_ecumenical_altar_simple,
          minmay_goblin_kobold_house
D:3:      layout_loops_cross, gammafunk_ghost_mausoleum
D:4:      layout_basic, minmay_statues_item, uniq_menkaure
D:5:      layout_basic, mainiacjoe_overflow_alcove_3, temple_green,
          ebering_ghost_rock_garden
D:6:      layout_loops_ring, serial_co_window_serial,
          co_window_of_opportunity_a, co_window_of_opportunity_a,
          co_window_paths_b, co_window_paths_b, co_window_of_opportunity_a,
          co_window_paths_c, co_window_broadway_c, co_window_broadway_b,
          co_window_corner_b, co_window_cross_4,
          nicolae_ossuary_entry_catacombs, lightli_orcish_oven
D:7:      layout_basic, minmay_manual_monstrance
D:8:      layout_loops_ring, uniq_psyche
D:9:      layout_loops_cross, david_lair_shrubbed, grunt_ministairs_3,
          roderic_lattice_a, hangedman_decor_slide_cut
D:10:     layout_basic, lemuel_round_altar, chequers_decorated_corner
D:11:     cheibrodos_histonic, layout_basic, serial_shops,
          nicolae_shop_temple_entry_statues_fountains, moated_statue,
          minmay_misc_feat_ornament, minmay_large_rounded_square,
          chequers_avenue, uniq_harold
D:12:     layout_long_grid, david_orc_1_choice
D:13:     layout_cross, grunt_vaults_entry_tiered, serial_shops,
          nicolae_shop_tiny_glass, biasface_ghost_orc_armoury,
          nicolae_vehumet_radiance
Lair:1:   beast_lair_carwin_large_4, layout_chaotic_city, lemuel_oklob_altar
Lair:2:   layout_loops_ring, nicolae_swamp_entry_splash_gauntlet
Lair:3:   lemuel_slime, layout_regular_city, hellmonk_spider_entry_not_the_bees,
          portal_ice_cave_entry_animals_and_master, cheibrodos_lair_lostbears,
          grunt_megastairs_1, uniq_nessos

Skill      XL: |  1  2  3  4  5  6  7  8  9 10 11 12 13 |
---------------+----------------------------------------+-----
Polearms       | 1 3 4 5 6 9 |  9.0
Fighting       | 4 6 8 |  8.0
Dodging        | 3 |  3.0
Spellcasting   | 2 4 5 6 7 8 |  8.0
Conjurations   | 3 6 10 11 12 13 | 13.9
Fire Magic     | 5 8 9 10 | 10.0
Air Magic      | 7 12 14 | 14.0
Evocations     | 3 |  3.0
Translocations | 1 |  1.0
Short Blades   | |  2.2
Stealth        | |  5.0

Action                     |  1- 3 |  4- 6 |  7- 9 | 10-12 | 13-15 || total
---------------------------+-------+-------+-------+-------+-------++-------
  Melee: Spear             |    28 |   120 |   560 |   159 |       ||   867
         Short sword       |     4 |       |       |       |       ||     4
         Peck              |     7 |    25 |    91 |    58 |    20 ||   201
         Kick              |     9 |    48 |   148 |   101 |    31 ||   337
         Punch             |       |       |     9 |     1 |       ||    10
         Halberd           |       |       |       |   111 |   109 ||   220
  Throw: Boomerang         |       |       |     8 |       |       ||     8
   Cast: Sticky Flame      |       |       |     5 |   100 |     8 ||   113
         Airstrike         |       |       |       |    71 |    63 ||   134
  Evoke: Wand              |       |       |       |       |     1 ||     1
    Use: Potion            |       |       |     1 |     2 |     3 ||     6
         Scroll            |       |       |     7 |    14 |     4 ||    25
   Stab: Sleeping          |     3 |     1 |    32 |     5 |     2 ||    43
         Distracted        |       |       |     1 |     1 |     2 ||     4
 Armour: Leather armour    |     5 |    50 |    15 |       |       ||    70
         Steam dragon scal |       |       |   143 |   110 |    47 ||   300
  Dodge: Dodged            |    16 |    55 |   300 |   197 |    59 ||   627

Table legend: (Time is in decaauts)
 A = Elapsed time spent in this place.
 B = Non-inter-level travel time spent in this place.
 C = Inter-level travel time spent in this place.
 D = Time resting spent in this place.
 E = Time spent auto-exploring this place.
 F = Levels seen in this place.
 G = Mean time per level.
                   A        B        C        D        E       F      G
               +--------+--------+--------+--------+--------+-----+--------+
         Total |  22282 |  21528 |    754 |   8283 |   8981 |  17 | 1310.7 |
       Dungeon |  17107 |  16398 |    709 |   5784 |   7457 |  13 | 1315.9 |
          Lair |   4183 |   4138 |     45 |   2047 |   1524 |   3 | 1394.3 |
       Ossuary |    991 |    991 |      0 |    452 |      0 |   1 |  991.0 |
               +--------+--------+--------+--------+--------+-----+--------+

Top non-repeatable levels by time:
    D:11: 2705 daAuts
  Lair:2: 2216 daAuts
    D:10: 1956 daAuts
  Lair:1: 1795 daAuts
     D:6: 1760 daAuts
     D:7: 1673 daAuts
    D:12: 1584 daAuts
     D:9: 1500 daAuts
     D:8: 1400 daAuts
     D:3: 1337 daAuts
 Ossuary: 991 daAuts
     D:4: 938 daAuts
     D:2: 762 daAuts
     D:5: 759 daAuts
     D:1: 690 daAuts
